 Dungeon Crawl Stone Soup version 0.24.0 (webtiles) character file.

Game seed: 16993525062970957094, levelgen mode: deterministic

415 Buxparty the Skirmisher (level 6, 0/39 HPs)
             Began as a Gargoyle Fighter on May 31, 2020.
             Killed by divine providence
             ... invoked by an orc priest
              (8 damage)
             ... on level 4 of the Dungeon.
             The game lasted 00:04:53 (2808 turns).

Buxparty the Skirmisher (Gargoyle Fighter)          Turns: 2808, Time: 00:04:53

Health: 0/39       AC: 11    Str: 27    XL:     6   Next: 91%
Magic:  6/6        EV:  8    Int:  8    God:
Gold:   100        SH: 10    Dex:  9    Spells: 5/5 levels left

rFire    . . .     SeeInvis .   a - +0 long sword
rCold    . . .     Gourm    .   c - +0 shield
rNeg     + . .     Faith    .   b - +0 scale mail
rPois    ∞         Spirit   .   (no helmet)
rElec    +         Reflect  .   (no cloak)
rCorr    .         Harm     .   (no gloves)
MR       .....                  (no boots)
Stlth    ..........             (no amulet)
HPRegen  0.13/turn              (no ring)
MPRegen  0.10/turn              (no ring)

@: mighty
A: negative energy resistance 1, electricity resistance, unbreathing,
petrification resistance, rot immunity, AC +4
a: no special abilities


You were on level 4 of the Dungeon.
You were not hungry.

You visited 1 branch of the dungeon, and saw 4 of its levels.

You collected 100 gold pieces.

Inventory:

Hand Weapons
 a - a +0 long sword (weapon)
Armour
 b - a +0 scale mail (worn)
 c - a +0 shield (worn)
Wands
 q - a wand of disintegration (18)
Scrolls
 e - a scroll of remove curse {unknown}
 j - 4 scrolls of identify {unknown}
 k - 3 scrolls of magic mapping {unknown}
 n - 2 scrolls of teleportation {unknown}
 o - a scroll of amnesia {unknown}
Potions
 d - a potion of might
 g - 2 potions of flight {unknown}
 h - a potion of curing {unknown}
 i - a potion of cancellation {unknown}
 l - a potion of agility {unknown}
 m - 3 potions of mutation {unknown}
 p - a potion of brilliance {unknown}
Comestibles
 f - 8 rations


   Skills:
 + Level 4.7 Fighting
 * Level 4.2 Long Blades
 + Level 4.6 Armour
 + Level 4.7 Shields


You had 5 spell levels left.
You didn't know any spells.
Your spell library was empty.

Dungeon Overview and Level Annotations

Branches:
Dungeon (4/15)
 Temple: D:4-7

Altars:
Qazlal

Shops:
D:4 *


Innate Abilities, Weirdness & Mutations

You are resistant to torment.
Your stone body is resilient. (AC +4)
You are immune to poison.
You resist negative energy. (rN+)
You are resistant to electric shocks. (rElec)
You can survive without breathing.
You are immune to petrification.
You are immune to rotting.


Message History

The phantom is almost destroyed.
The phantom barely misses you.
You riposte.
You barely miss the phantom.
The phantom is almost destroyed.
You slash the phantom!
You destroy the phantom!
You start resting.
Eating a chunk of flesh.
You eat the chunk of flesh.
This raw flesh tastes terrible.
You start resting.
HP restored.
There is a stone staircase leading up here.
The orc warrior is too close now for your liking.
The orc warrior shouts!
You hear a shout!
You feel very mighty all of a sudden.
The orc warrior hits you from afar with a +0 glaive!
The orc warrior hits you with a +0 glaive!
* * * LOW HITPOINT WARNING * * *
The orc priest calls down the wrath of Beogh upon you.
Beogh smites you!
You die...

#..∩.# ##.
#....#######.#. ..o
............... #..
......######.## #[##
............... ...
####...#...###
##.#####.#
#........###
#.o#.....#
..####...#######....#
# ##.........@.###
#.....####.<.#
#.###.###..#.########
#.. #.##..#........_.
#.# #.##.#..######...
.. #..#.#.######..#
.## ####...#.#÷.....#
.# #..........######
.....###.######


You could see an orc warrior and an orc priest.

Vanquished Creatures
  Sigmund (D:3)
  A phantom (D:4)
  A scorpion (D:4)
  6 adders
  2 oozes
  An adder skeleton (D:4)
  3 leopard geckos
  2 orcs (D:3)
  4 giant cockroaches
  3 goblins
  4 hobgoblins
  4 jackals (D:1)
  7 kobolds
  2 quokkas
  5 bats
  5 frilled lizards
  8 rats
59 creatures vanquished.

Notes
Turn   | Place    | Note
-------+----------+-------------------------------------------
     0 | D:1      | Buxparty the Gargoyle Fighter began the quest for the Orb.
     0 | D:1      | Reached XP level 1. HP: 14/14 MP: 1/1
    77 | D:1      | Reached XP level 2. HP: 15/19 MP: 2/2
   372 | D:1      | Reached XP level 3. HP: 23/23 MP: 3/3
   880 | D:2      | Reached XP level 4. HP: 24/29 MP: 4/4
  1600 | D:3      | Noticed Sigmund
  1614 | D:3      | Killed Sigmund
  1614 | D:3      | Reached XP level 5. HP: 19/34 MP: 5/5
  1614 | D:3      | Reached XP level 6. HP: 21/39 MP: 6/6
  2345 | D:4      | Noticed an orc warrior
  2562 | D:4      | Found a stormy altar of Qazlal.
  2603 | D:4      | Found Figatie's General Store.
  2615 | D:4      | Noticed a phantom
  2674 | D:4      | Killed a phantom
  2808 | D:4      | Killed from afar by an orc priest

Levels and vault maps discovered:
D:1:      lightli_arrival_isolated_outpost, layout_basic
D:2:      layout_basic
D:3:      layout_basic, first_ration, uniq_sigmund
D:4:      layout_rooms, overflow_temple_1_default, serial_shops, shop,
          kennysheep_small_square
